 Dungeon Crawl Stone Soup version 0.27-a0-1423-ge5d6b6ab6a (webtiles) character file.

Game seed: 15843023886521639748

5749 Delamore the Cruncher (level 11, -1/81 HPs)
             Began as a Formicid Fighter on July 2, 2021.
             Was an Initiate of Gozag.
             Slain by a death knight (7 damage)
             ... on level 9 of the Dungeon.
             The game lasted 00:10:29 (11970 turns).

Delamore the Cruncher (Formicid Fighter)           Turns: 11970, Time: 00:10:30

Health: -1/81      AC: 12    Str: 23    XL:     11   Next: 5%
Magic:  11/11      EV:  6    Int:  9    God:    Gozag
Gold:   229        SH: 11    Dex: 10    Spells: 10/10 levels left

rFire    . . .     SeeInvis +   a - +1 quarterstaff
rCold    . . .     Faith    .   c - +1 kite shield
rNeg     . . .     Spirit   .   s - +0 chain mail
rPois    .         Reflect  .   (helmet unavailable)
rElec    .         Harm     .   B - +0 cloak "Hoiblig" {rC- Slay+5}
rCorr    .         Rampage  .   (no gloves)
Will     +....                  g - +0 pair of boots
Stlth    ..........             (no amulet)
HPRegen  0.23/turn              k - ring of protection from cold
MPRegen  0.12/turn              (no ring)

@: no status effects
A: permanent stasis, dig shafts and tunnels, antennae 3, four strong arms
a: Dig, Shaft Self, Renounce Religion, Potion Petition, Call Merchant, Bribe
Branch


You were on level 9 of the Dungeon.
You worshipped Gozag.
Gozag was aware of your devotion.
You visited 2 branches of the dungeon, and saw 10 of its levels.
You also visited: Ossuary.

You collected 1353 gold pieces.
You spent 304 gold pieces at shops.
You paid 820 gold pieces to Gozag.

Inventory:

Hand Weapons
 a - a +1 quarterstaff (weapon)
Missiles
 d - 3 boomerangs (quivered)
 w - 2 javelins
Armour
 b - a +0 scale mail
 c - a +1 kite shield (worn)
 g - a +0 pair of boots (worn)
 n - a +0 cloak
 s - a +0 chain mail (worn)
 B - the +0 cloak "Hoiblig" (worn) {rC- Slay+5}
   (You bought it in a shop on level 6 of the Dungeon)

   Slay:      It affects your accuracy & damage with ranged weapons and melee
   (+5).
   rC:        It makes you vulnerable to cold.
Jewellery
 k - a ring of protection from cold (left hand)
 y - a ring of ice
Wands
 h - a wand of flame (14)
 u - a wand of paralysis (1)
Scrolls
 r - a scroll of enchant weapon
 v - a scroll of enchant armour
 x - a scroll of magic mapping
Potions
 e - 6 potions of curing
 f - 3 potions of brilliance
 j - 3 potions of attraction
 l - a potion of mutation
 m - 2 potions of invisibility
 o - 2 potions of might
 p - 2 potions of haste
 q - a potion of magic {unknown}
 t - a potion of ambrosia {unknown}
 z - a potion of flight {unknown}


   Skills:
 + Level 6.1 Fighting
 - Level 14.0 Staves
 + Level 4.7 Armour
 + Level 5.1 Shields


You had 10 spell levels left.
You didn't know any spells.
Your spell library contained the following spells:

 Spells                   Type           Power      Damage    Failure   Level
 Animate Skeleton         Necr           0%         N/A       100%        1
 Corona                   Hex            0%         N/A       100%        1
 Foxfire                  Conj/Fire      0%         2x1d4     100%        1
 Summon Small Mammal      Summ           0%         N/A       100%        1
 Ensorcelled Hibernation  Hex/Ice        0%         N/A       100%        2
 Static Discharge         Conj/Air       0%         N/A       100%        2
 Sublimation of Blood     Necr           0%         N/A       100%        2
 Call Canine Familiar     Summ           0%         N/A       100%        3
 Conjure Flame            Conj/Fire      0%         6-21      100%        3
 Dazzling Flash           Conj/Hex       0%         N/A       100%        3
 Inner Flame              Hex/Fire       0%         N/A       100%        3
 Summon Guardian Golem    Hex/Summ       0%         N/A       100%        3
 Tukima's Dance           Hex            0%         N/A       100%        3
 Fulminant Prism          Conj/Hex       0%         3d6       100%        4
 Iskenderun's Mystic Bla  Conj/Tloc      0%         2d3       100%        4
 Petrify                  Tmut/Erth      0%         N/A       100%        4
 Irradiate                Conj/Tmut      0%         3d13      100%        5
 Lee's Rapid Deconstruct  Erth           0%         3d5*      100%        5
 Lightning Bolt           Conj/Air       0%         1d11      100%        5
 Starburst                Conj/Fire      0%         8x6d3     100%        6
 Maxwell's Capacitive Co  Air            0%         ∞         100%        8


Dungeon Overview and Level Annotations

Branches:
Dungeon (9/15)             Temple (1/1) D:4         Ossuary (visited)
   Lair: D:8-11         Orc: D:9-12

Altars:
Gozag
Hepliaklqana
Kikubaaqudgha
Okawaru
Sif Muna
Vehumet
Xom
Yredelemnul
The Shining One

Shops:
D:6 [

Annotations:
D:8 2 transporters, fly's ghost, novice HuDe


Innate Abilities, Weirdness & Mutations

You cannot be hasted, slowed, berserked, paralysed or teleported.
You can dig through walls and to a lower floor.
You have a pair of large antennae on your head. (SInv)
Your four strong arms can wield two-handed weapons with a shield.


Message History

The death knight calls down the wrath of Yredelemnul upon you.
Your body is wracked with pain!
* * * LOW HITPOINT WARNING * * *
Aiming: Throw Flame
Press: ? - help, Shift-Dir - straight line, f - death knight
Aim: a death knight, wielding a +0 battleaxe and wearing a +0 chain mail (almost dead, 68% to hit)
The puff of flame misses the death knight.
The death knight mumbles some strange prayers to Yredelemnul against you.
Your body is wracked with pain!
* * * LOW HITPOINT WARNING * * *
Aiming: Throw Flame
Press: ? - help, Shift-Dir - straight line, f/p - death knight
Aim: a death knight, wielding a +0 battleaxe and wearing a +0 chain mail (almost dead, 68% to hit)
The puff of flame hits the death knight but does no damage.
The death knight is almost dead.
Okay, then.
Aiming: Paralyse
Press: ? - help, Shift-Dir - straight line, f/p - death knight
Aim: a death knight, wielding a +0 battleaxe and wearing a +0 chain mail (almost dead, chance to affect: 6%)
The death knight resists with almost no effort.
You feel much better.
You closely miss the death knight.
The death knight is severely wounded.
The death knight hits you with a +0 battleaxe!
* * * LOW HITPOINT WARNING * * *
You hit the death knight.
The death knight is almost dead.
The death knight hits you with a +0 battleaxe!
* * * LOW HITPOINT WARNING * * *
The death knight invokes the aid of Yredelemnul against you.
You struggle to resist.
The death knight offers itself to Yredelemnul, and fills with unholy energy.
As you read the scroll of fog, it crumbles to dust.
The scroll dissolves into smoke.
Okay, then.
Are you sure you want to shaft yourself?
You begin to dig a shaft.
You continue digging a shaft.
The death knight hits you with a +0 battleaxe!
You die...
Your body crumbles into a pile of gold.

..###.#..............#
.....$####.##..###.###
....$..............#
........###'####§§.#
.......##
#⌠.⌠.#§#§###.#
......##{
#$...#§§§....#
......8.
$#._..#§#§#####
........ $#....#p#.#
.........$#....#@#.#
......8..$#._..#.#.#
......##{##....#.#.#
.......## #⌠.⌠.#...#
........###+####...#
#..........$$..###
##..###...###### #..#
#..## ####..# #.##


You could see a death knight (reflects damage).

Vanquished Creatures
  Joseph (D:8)
  The ghost of Gargoyl the Skirmisher, an amateur GnAK of Lugonu (D:4)
  A hornet (D:8)
  The ghost of anet the Magician, an amateur DECj (D:4)
  A wraith (D:9)
  4 steam dragons
  Menkaure (D:4)
  The ghost of morra the Changer, an amateur OpTm (D:4)
  Duvessa (D:4)
  The ghost of Loefaen the Magician, an amateur SpEE of Nemelex Xobeh (D:4)
  2 sky beasts
  A necrophage (D:5)
  2 orc warriors
  4 ice beasts
  An ogre (D:7)
  The ghost of Nattfarinn the Insei, an amateur DjTm (D:3)
  A centaur (D:5)
  A phantom (D:3)
  Blork the orc (D:4)
  A kobold brigand (D:9)
  5 bullfrogs
  2 scorpions
  Dowan (D:4)
  A gnoll sergeant (D:7)
  4 water moccasin zombies
  A wyvern skeleton (D:7)
  7 killer bees
  4 wights (D:8)
  A bullfrog zombie (D:5)
  4 centaur zombies
  A jelly (D:7)
  5 hounds
  4 orc priests
  2 bullfrog skeletons (D:6)
  A gnoll shaman (D:6)
  2 scorpion zombies
  2 iguanas
  7 orc wizards
  A killer bee zombie (D:6)
  2 hound zombies
  2 mummies (Ossuary)
  6 gnolls
  6 adders
  9 adder zombies
  2 worms
  3 dart slugs
  29 orcs
  3 ball pythons
  7 endoplasms
  2 giant cockroaches (D:1)
  2 goblins
  4 hobgoblins
  8 jackals
  2 quokkas
  3 bats
  3 frilled lizards
  4 hobgoblin zombies (Ossuary)
  13 kobolds
  3 kobold zombies (Ossuary)
  An orc zombie (Ossuary)
  6 rats
203 creatures vanquished.

Vanquished Creatures (others)
  2 withered plants (D:4)
2 creatures vanquished.

Grand Total: 205 creatures vanquished

Notes
Turn   | Place    | Note
-------+----------+-------------------------------------------
     0 | D:1      | Delamore the Formicid Fighter began the quest for the Orb.
     0 | D:1      | Reached XP level 1. HP: 18/18 MP: 1/1
    88 | D:1      | Reached XP level 2. HP: 23/24 MP: 2/2
   223 | D:1      | Reached XP level 3. HP: 18/30 MP: 3/3
   492 | D:1      | Reached skill level 3 in Staves
   836 | D:2      | Reached XP level 4. HP: 36/37 MP: 4/4
  1277 | D:3      | Found a runed translucent gate.
  1277 | D:3      | Found a runed translucent gate.
  1277 | D:3      | Found a runed translucent gate.
  1287 | D:3      | Noticed a phantom
  1313 | D:3      | Killed a phantom
  1314 | D:3      | Reached skill level 4 in Staves
  1314 | D:3      | Reached XP level 5. HP: 27/43 MP: 5/5
  1501 | D:3      | Found an opulent altar of Gozag.
  1502 | D:3      | Noticed Nattfarinn's ghost (amateur DjTm)
  1559 | D:3      | Killed Nattfarinn's ghost
  1560 | D:3      | Reached skill level 5 in Staves
  1560 | D:3      | Reached XP level 6. HP: 5/50 MP: 6/6
  1863 | D:3      | Became a worshipper of Gozag Ym Sagoz the Greedy
  2064 | D:3      | Found a faded altar of an unknown god.
  2415 | D:4      | Found a radiant altar of Vehumet.
  2432 | D:4      | Noticed Blork the orc
  2452 | D:4      | Killed Blork the orc
  2453 | D:4      | Reached skill level 5 in Fighting
  2465 | D:4      | Reached skill level 6 in Staves
  2465 | D:4      | Reached XP level 7. HP: 22/56 MP: 7/7
  2771 | D:4      | Noticed Duvessa
  2771 | D:4      | Noticed Dowan
  2802 | D:4      | Killed Duvessa
  2803 | D:4      | Reached skill level 7 in Staves
  2933 | D:4      | Killed Dowan
  3251 | D:4      | Noticed Menkaure
  3256 | D:4      | Killed Menkaure
  3257 | D:4      | Reached skill level 8 in Staves
  3257 | D:4      | Reached XP level 8. HP: 26/62 MP: 8/8
  3568 | D:4      | Found a staircase to the Ecumenical Temple.
  3796 | D:4      | Found a runed translucent gate.
  3797 | D:4      | Found a runed translucent gate.
  3798 | D:4      | Found a runed translucent gate.
  3799 | D:4      | Noticed Gargoyl's ghost (amateur GnAK)
  3799 | D:4      | Noticed morra's ghost (amateur OpTm)
  3799 | D:4      | Noticed Loefaen's ghost (amateur SpEE)
  3799 | D:4      | Noticed anet's ghost (amateur DECj)
  4370 | D:4      | Killed Loefaen's ghost
  4371 | D:4      | Killed morra's ghost
  4372 | D:4      | Reached skill level 9 in Staves
  4379 | D:4      | Killed Gargoyl's ghost
  4385 | D:4      | Killed anet's ghost
  4386 | D:4      | Reached skill level 10 in Staves
  4386 | D:4      | Reached XP level 9. HP: 39/68 MP: 9/9
  4588 | Temple   | Entered the Ecumenical Temple
  4636 | D:5      | Entered Level 5 of the Dungeon
  4691 | D:5      | Found a sand-covered staircase.
  4695 | Ossuary  | Entered an ossuary
  5340 | D:5      | Reached skill level 11 in Staves
  5587 | D:5      | Found a basalt altar of Yredelemnul.
  6785 | D:6      | Reached skill level 12 in Staves
  7306 | D:6      | Found a shimmering blue altar of Sif Muna.
  7333 | D:6      | Reached XP level 10. HP: 73/74 MP: 10/10
  7589 | D:6      | Got Sif Muna's Tome of Evil Rituals
  7893 | D:7      | Reached skill level 13 in Staves
 10075 | D:6      | Bought a twisted cloak for 304 gold pieces
 10075 | D:6      | Identified the +0 cloak "Hoiblig" {rC- Slay+5} (You bought
                  | it in a shop on level 6 of the Dungeon)
 10127 | D:8      | Found a shimmering altar of Xom.
 10127 | D:8      | Found a glowing golden altar of the Shining One.
 10238 | D:8      | Found a transporter.
 10241 | D:8      | Noticed fly's ghost (novice HuDe)
 10257 | D:8      | Found a transporter.
 10285 | D:8      | Noticed a moth of wrath
 10328 | D:8      | Reached skill level 14 in Staves
 10405 | D:8      | Noticed Joseph
 10430 | D:8      | Killed Joseph
 10638 | D:8      | Found an ancient bone altar of Kikubaaqudgha.
 10639 | D:8      | Found an iron altar of Okawaru.
 11011 | D:8      | Noticed an eight-headed hydra
 11718 | D:9      | Reached XP level 11. HP: 81/81 MP: 11/11
 11903 | D:9      | Found an opulent altar of Gozag.
 11903 | D:9      | Found a hazy altar of Hepliaklqana.
 11914 | D:9      | Reached skill level 5 in Shields
 11928 | D:9      | Noticed a death knight
 11961 | D:9      | HP: 4/81 [death knight (16)]
 11970 | D:9      | Slain by a death knight

Illustrated notes

Levels and vault maps discovered:
D:1:      nzn_arrival_settlement, layout_basic, minmay_small_reverse_x
D:2:      layout_rooms
D:3:      layout_rooms, ebering_ecumenical_altar_hall, ebering_ghost_gozag
D:4:      kennysheep_six_static_rooms, layout_loops_ring,
          nicolae_overflow_crystal_walls, minmay_temple_entry_glassed_door,
          gammafunk_ghost_cemetery, uniq_blork_the_orc, uniq_menkaure,
          uniq_duvessa
D:5:      layout_loops_ring, nicolae_yredelemnul_corpse_copse, enter_ossuary_5
D:6:      layout_basic, led_sif_book
D:7:      layout_basic, minmay_bent
D:8:      layout_loops_ring, minitemple, gammafunk_ghost_berserking_beasts,
          uniq_joseph
D:9:      layout_basic, lemuel_doored_altar, jmf_multi_god_temple,
          nicolae_shop_sticking_my_neck_out
Temple:   minmay_temple_bridge_abc

Skill      XL: |  1  2  3  4  5  6  7  8  9 10 11 |
---------------+----------------------------------+-----
Staves         | 3 4 5 6 8 10 12 14 | 14.0
Fighting       | 4 5 6 |  6.1
Shields        | 4 5 |  5.1
Armour         | 4 |  4.7

Action                   |  1- 3 |  4- 6 |  7- 9 | 10-12 || total
-------------------------+-------+-------+-------+-------++-------
Melee: Quarterstaff      |    82 |    83 |   357 |   300 ||   822
Throw: Javelin           |       |       |       |     6 ||     6
       Boomerang         |       |       |       |     2 ||     2
Invok: Call Merchant     |       |       |       |     1 ||     1
 Abil: Dig               |       |     2 |     9 |     4 ||    15
       Shaft Self        |       |       |       |     1 ||     1
Evoke: Wand              |       |       |       |     9 ||     9
  Use: Scroll            |       |    10 |     7 |     5 ||    22
       Potion            |       |     2 |     1 |     3 ||     6
 Stab: Distracted        |       |       |     1 |     2 ||     3
Armor: Scale mail        |    56 |    19 |    91 |       ||   166
       Chain mail        |       |       |    46 |    94 ||   140
Dodge: Dodged            |    53 |    16 |    99 |    55 ||   223
Block: Kite shield       |    77 |    40 |   188 |   126 ||   431

Table legend: (Time is in decaauts)
 A = Elapsed time spent in this place.
 B = Non-inter-level travel time spent in this place.
 C = Inter-level travel time spent in this place.
 D = Time resting spent in this place.
 E = Time spent auto-exploring this place.
 F = Levels seen in this place.
 G = Mean time per level.
                   A        B        C        D        E       F      G
               +--------+--------+--------+--------+--------+-----+--------+
         Total |  11950 |  11500 |    450 |   3084 |   6785 |  11 | 1086.4 |
       Dungeon |  11392 |  10942 |    450 |   2952 |   6461 |   9 | 1265.8 |
        Temple |      1 |      1 |      0 |      0 |      0 |   1 |    1.0 |
       Ossuary |    556 |    556 |      0 |    132 |    324 |   1 |  556.0 |
               +--------+--------+--------+--------+--------+-----+--------+

Top non-repeatable levels by time:
     D:7: 2474 daAuts
     D:4: 2252 daAuts
     D:6: 1668 daAuts
     D:8: 1212 daAuts
     D:3: 1139 daAuts
     D:5: 1091 daAuts
     D:2: 669 daAuts
     D:1: 632 daAuts
 Ossuary: 556 daAuts
     D:9: 253 daAuts
  Temple: 1 daAuts
